 Dungeon Sprint DCSS version 0.22.1-1-ga44c0e56f4 (webtiles) character file.

112 MuseOD the Covert (level 4, -9/25 HPs)
             Began as a Spriggan Enchanter on Sept 27, 2018.
             Killed from afar by a deep elf mage (34 damage)
             ... with a bolt of cold
             ... in the Dungeon (Sprint III: "The Ten Rune Challenge").
             The game lasted 00:02:35 (603 turns).

MuseOD the Covert (Spriggan Enchanter)               Turns: 603, Time: 00:02:35

Health: -9/25      AC:  2    Str:  4    XL:     4   Next: 63%
Magic:  9/9        EV: 18    Int: 17    God:
Gold:   21         SH:  0    Dex: 16    Spells: 2/8 levels left

rFire    . . .     SeeInvis +   a - +1 dagger
rCold    . . .     Gourm    .   (shield restricted)
rNeg     . . .     Faith    .   b - +0 robe
rPois    .         Spirit   .   (helmet restricted)
rElec    .         Reflect  .   (no cloak)
rCorr    .         Harm     .   (gloves unavailable)
MR       .....     NoTele   +   (boots unavailable)
Stlth    ++++......             (no amulet)
HPRegen  0.08/turn              (no ring)
MPRegen  0.11/turn              (no ring)

@: very quick
A: very small, unfitting armour, see invisible, herbivore, speed 3, slow
metabolism 2
a: no special abilities


You were in the Dungeon.
You were not hungry.

You visited 1 branch You collected 21 gold pieces.

Inventory:

Hand Weapons
 a - a +1 dagger (weapon)
Armour
 b - a +0 robe (worn)
Scrolls
 c - 3 scrolls of remove curse {unknown}
 j - a scroll of blinking
 l - 2 scrolls of torment {unknown}
 m - 2 scrolls of identify {unknown}
Potions
 e - 2 potions of curing
 f - a potion of heal wounds
 g - a potion of haste
 h - 2 potions of magic
 i - a potion of berserk rage
 k - 2 potions of mutation {unknown}
 n - a potion of invisibility {unknown}
 o - 2 potions of flight {unknown}
Comestibles
 d - 4 rations


   Skills:
 + Level 3.6 Fighting
 * Level 7.2 Short Blades
 - Level 3.0 Dodging
 + Level 8.4 Stealth
 - Level 2.6 Spellcasting
 - Level 3.6 Hexes


You had 2 spell levels left.
You knew the following spells:

 Your Spells              Type           Power        Failure   Level  Hunger
a - Corona                Hex            ##.....      4%          1    #......
b - Ensorcelled Hibernat  Hex/Ice        #.....       13%         2    ##.....
c - Confuse               Hex            ##......     12%         3    ###....

Your spell library contained the following spells:

 Spells                   Type           Power        Failure   Level  Hunger
 Tukima's Dance           Hex            ##......     12%         3    ###....
 Dazzling Spray           Conj/Hex       #.....       26%         3    ###....


Dungeon Overview and Level Annotations

Branches:
Dungeon (1/1)

Altars:
Elyvilon
Zin
The Shining One


Innate Abilities, Weirdness & Mutations

You are very small and have problems with some larger weapons.
You are too small for most types of armour.
You have supernaturally acute eyesight. (SInv)
You are a herbivore.
You cover ground extremely quickly.
You need to consume almost no food.


Message History

There is an open door here.
You open the door.
A water elemental comes into view.
There is an open door to the Ecumenical Temple here.
The helpless water elemental fails to defend itself.
You stick the water elemental like a pincushion!!!
You destroy the water elemental!
Your Fighting skill increases to level 3!
Your Short Blades skill gained 2 levels and is now at level 7!
Your Stealth skill increases to level 8!
You have reached level 4!
You open the door.
A deep elf mage comes into view.
It is wielding a long sword of holy wrath.
The deep elf mage shouts!
The deep elf mage picks up a potion of heal wounds.
Found three altars.
The deep elf mage casts a spell at you. The bolt of cold hits you!
Ouch! That really hurt!
You die...

▓▓▓▓ ▓▓▓ ...#### ##.#####
......#####..#___#
....†..#..#..#e..#
#.##...#..#..###@#+###+##
#.###..##'#..#..........#
##.##..###...'.⌠........#
..##..####...#...######+#
..##..###....#.⌠.#
.##)..##.....#...#
##....#......#+###
##..##.#.....#
#..#####....#


You could see a deep elf mage.

Vanquished Creatures
  A water elemental (D)
  Jessica (D)
  A human (D)
  2 oozes (D)
  A phantom (D)
  A rat (D)
7 creatures vanquished.

Vanquished Creatures (others)
  2 draconian scorchers (D)
  6 hellions (D)
  A yaktaur (D)
  2 plants (D)
11 creatures vanquished.

Grand Total: 18 creatures vanquished

Notes
Turn   | Place    | Note
-------+----------+-------------------------------------------
     0 | D        | MuseOD the Spriggan Enchanter began the quest for the Orb.
     0 | D        | Reached XP level 1. HP: 9/9 MP: 5/5
     9 | D        | Reached skill level 1 in Fighting
     9 | D        | Reached skill level 5 in Stealth
    17 | D        | Killed a yaktaur
    25 | D        | Reached XP level 2. HP: 13/14 MP: 6/6
    29 | D        | Learned a level 2 spell: Ensorcelled Hibernation
    67 | D        | Noticed Jessica
    71 | D        | Killed Jessica
    71 | D        | Reached skill level 6 in Stealth
    71 | D        | Reached XP level 3. HP: 19/19 MP: 8/8
    91 | D        | Learned a level 3 spell: Confuse
   131 | D        | Killed a hellion
   184 | D        | Reached skill level 5 in Short Blades
   184 | D        | Reached skill level 7 in Stealth
   186 | D        | Killed a white draconian scorcher
   204 | D        | Killed a hellion
   204 | D        | Killed a hellion
   204 | D        | Killed a white draconian scorcher
   217 | D        | Killed a hellion
   218 | D        | Killed a hellion
   218 | D        | Killed a hellion
   591 | D        | Noticed a water elemental
   594 | D        | Killed a water elemental
   594 | D        | Reached skill level 8 in Stealth
   594 | D        | Reached XP level 4. HP: 25/25 MP: 9/9
   602 | D        | Found a glowing silver altar of Zin.
   602 | D        | Found a glowing golden altar of the Shining One.
   602 | D        | Found a white marble altar of Elyvilon.
   602 | D        | Noticed a deep elf mage
   603 | D        | Killed from afar by a deep elf mage

Skill      XL: |  1  2  3 |
---------------+----------+-----
Fighting       | 1 2 3 |  3.6
Short Blades   | 3 4 7 |  7.2
Stealth        | 5 6 8 |  8.4
Dodging        | |  3.0
Spellcasting   | |  2.6
Hexes          | |  3.6

Action                   |  1- 3 |  4- 6 || total
-------------------------+-------+-------++-------
Melee: Dagger            |    60 |       ||    60
 Cast: Confuse           |     6 |       ||     6
       Ensorcelled Hiber |     1 |       ||     1
 Stab: Sleeping          |     4 |       ||     4
Dodge: Dodged            |    38 |       ||    38
